[Event "ICC tourney 2556 (25 5)"]
[Site "Internet Chess Club"]
[Date "2021.05.08"]
[Round "4"]
[White "LIN, JULIAN:K05-15856697"]
[Black "SASTRY, ARUSH:K05-30017444"]
[Result "1-0"]
[ICCResult "Black checkmated"]
[WhiteElo "1648"]
[BlackElo "381"]
[Opening "Queen's pawn: English defense"]
[ECO "A40"]
[NIC "QO.17"]
[Time "17:33:50"]
[PlyCount "47"]
[TimeControl "1500+5"]

1. d4 b6 2. e4 g6 3. Bc4 Bg7 4. Qf3 e6 5. e5 Nc6 6. c3 d5 7. Bb5 Bd7 8. Ne2
a6 9. Bd3 f6 10. Bf4 fxe5 11. dxe5 Bxe5 12. Nd2 Nf6 13. Bg5 h6 14. Bxg6+
Kf8 15. Bh4 Rg8 16. Bd3 b5 17. Ng3 Bxg3 18. Bxf6 Qe8 19. hxg3 Qf7 20. Rxh6
Re8 21. Rh7 Qxh7 22. Bxh7 Kf7 23. Be5+ Ke7 24. Qf6# { Black checkmated }
1-0

[Event "ICC tourney 2556 (25 5)"]
[Site "Internet Chess Club"]
[Date "2021.05.08"]
[Round "4"]
[White "LIM, HAYUL:K05-30151794"]
[Black "KANTNER, AARON:K05-16926895"]
[Result "1-0"]
[ICCResult "Black checkmated"]
[WhiteElo "1095"]
[BlackElo "619"]
[Opening "Four knights: Italian variation"]
[ECO "C47"]
[NIC "RG.01"]
[Time "17:33:06"]
[PlyCount "45"]
[TimeControl "1500+5"]

1. e4 e5 2. Nf3 Nf6 3. Nc3 Nc6 4. Bc4 h6 5. O-O Bc5 6. d3 d6 7. h3 Be6 8.
Bxe6 fxe6 9. Bd2 Qd7 10. Na4 Bb6 11. Nxb6 axb6 12. Nh4 g5 13. Nf3 O-O-O 14.
a4 d5 15. exd5 exd5 16. b4 g4 17. hxg4 Qxg4 18. b5 Ne7 19. Nxe5 Qg7 20. a5
Rdg8 21. Qf3 h5 22. axb6 h4 23. Ra8# { Black checkmated } 1-0

[Event "ICC tourney 2556 (25 5)"]
[Site "Internet Chess Club"]
[Date "2021.05.08"]
[Round "4"]
[White "F GEFFRARD, AMY:K05-17190671"]
[Black "KRISHNA JAYAKRISHNAN, CHETHAN:K05-16682197"]
[Result "0-1"]
[ICCResult "White checkmated"]
[WhiteElo "262"]
[BlackElo "693"]
[Opening "Center game"]
[ECO "C22"]
[NIC "KP.04"]
[Time "17:34:31"]
[PlyCount "60"]
[TimeControl "1500+5"]

1. e4 e5 2. d4 exd4 3. Qxd4 Nc6 4. Qd1 Bb4+ 5. c3 Ba5 6. b4 Bb6 7. a4 a5 8.
Be3 Bxe3 9. fxe3 axb4 10. cxb4 Nxb4 11. Nc3 Nf6 12. Nh3 O-O 13. Nd5 Nbxd5
14. exd5 d6 15. Ng5 h6 16. Nf3 Bg4 17. h3 Bxf3 18. Qxf3 Re8 19. Bb5 c6 20.
dxc6 bxc6 21. Bxc6 Qa5+ 22. Kd1 Rec8 23. Bb7 Qb4 24. Bxa8 Qb3+ 25. Kd2 Qc2+
26. Ke1 Rxa8 27. Qxa8+ Kh7 28. a5 Ne4 29. a6 Qd2+ 30. Kf1 Qf2# { White
checkmated } 0-1

[Event "ICC tourney 2556 (25 5)"]
[Site "Internet Chess Club"]
[Date "2021.05.08"]
[Round "4"]
[White "ZIANG FENG, STEVEN:K05-16388220"]
[Black "JOSHUA RAJESH, AADITYA:K05-16964021"]
[Result "0-1"]
[ICCResult "White resigns"]
[WhiteElo "1428"]
[BlackElo "989"]
[Opening "Petrov's defense"]
[ECO "C42"]
[NIC "RG.03"]
[Time "17:33:47"]
[PlyCount "104"]
[TimeControl "1500+5"]

1. e4 e5 2. Nf3 Nf6 3. Nxe5 Qe7 4. Nf3 Nxe4 5. Qe2 Nf6 6. Nc3 Nc6 7. Qxe7+
Bxe7 8. Be2 O-O 9. O-O Re8 10. Re1 d5 11. Bb5 Bd7 12. d4 Bb4 13. Bd2 Bxc3
14. Bxc3 a6 15. Bxc6 Bxc6 16. Ne5 Bb5 17. a4 Bd7 18. Kf1 Bf5 19. Rac1 Bd7
20. Nxd7 Nxd7 21. Bb4 b6 22. a5 c5 23. dxc5 bxc5 24. Bc3 d4 25. Bd2 Nf6 26.
Bg5 Ng4 27. h3 Ne5 28. Bf4 Nc6 29. Bd6 Nxa5 30. Bxc5 Nc4 31. Bxd4 Nd2+ 32.
Kg1 Red8 33. Bc3 Nc4 34. b3 Nd6 35. Rcd1 Nb5 36. Ba5 Rxd1 37. Rxd1 Na3 38.
c4 f6 39. Bb4 Nc2 40. Rd2 Nxb4 41. Kh2 Kf7 42. Kg3 g6 43. Kf4 Ke6 44. Re2+
Kf7 45. Rd2 h6 46. Ke4 Re8+ 47. Kf3 Nc6 48. g4 Ne5+ 49. Kf4 g5+ 50. Kg3 Rb8
51. Rb2 Nxc4 52. Rb1 Nd2 { White resigns } 0-1

[Event "ICC tourney 2556 (25 5)"]
[Site "Internet Chess Club"]
[Date "2021.05.08"]
[Round "4"]
[White "RUTHERFORD, ELI:K05-16195682"]
[Black "SANGHANI, RITIKA:K05-16470815"]
[Result "0-1"]
[ICCResult "White checkmated"]
[WhiteElo "785"]
[BlackElo "1039"]
[Opening "Giuoco Piano"]
[ECO "C50"]
[NIC "IG.02"]
[Time "17:33:48"]
[PlyCount "60"]
[TimeControl "1500+5"]

1. e4 e5 2. Nf3 Nc6 3. Bc4 Bc5 4. O-O Nf6 5. Nc3 d6 6. d3 h6 7. Be3 Bb6 8.
h3 O-O 9. Qd2 Be6 10. Bb3 Re8 11. Rfd1 Qd7 12. d4 exd4 13. Nxd4 Nxd4 14.
Bxd4 Bxd4 15. Qxd4 Bxb3 16. axb3 c5 17. Qd3 b6 18. Nd5 Nxd5 19. Qxd5 Rab8
20. Ra3 Re5 21. Qd3 Rbe8 22. f3 R5e7 23. Rda1 a5 24. c3 Re6 25. Ra4 Rg6 26.
b4 Qxh3 27. Qe2 cxb4 28. cxb4 axb4 29. Rxb4 d5 30. Qe3 Qxg2# { White
checkmated } 0-1

[Event "ICC tourney 2556 (25 5)"]
[Site "Internet Chess Club"]
[Date "2021.05.08"]
[Round "4"]
[White "FORESTAL, LUC ANDRA:K05-16346012"]
[Black "DESHPANDE, OJAS AMIT:K05-16725875"]
[Result "0-1"]
[ICCResult "White resigns"]
[WhiteElo "374"]
[BlackElo "829"]
[Opening "Four knights: Italian variation"]
[ECO "C55"]
[NIC "IG.01"]
[Time "17:33:07"]
[PlyCount "75"]
[TimeControl "1500+5"]

1. e4 e5 2. Nf3 Nc6 3. Bc4 Nf6 4. Nc3 Nxe4 5. Nxe4 d5 6. Bxd5 Qxd5 7. d3
Bf5 8. c4 Qd7 9. O-O O-O-O 10. Qe2 Qxd3 11. Qxd3 Rxd3 12. Nc5 Rd8 13. Bg5
f6 14. Be3 Nd4 15. Bxd4 exd4 16. Rfd1 Bxc5 17. Rd2 h5 18. Rad1 d3 19. Ne1
Bb4 20. Nxd3 Bxd2 21. Rxd2 Rxd3 22. Rxd3 Bxd3 23. c5 h4 24. g3 h3 25. b3
Re8 26. f3 Re1+ 27. Kf2 Rf1+ 28. Ke3 Bg6 29. f4 Bh5 30. Ke4 Re1+ 31. Kf5
g6+ 32. Kxf6 Re2 33. g4 Bxg4 34. Kxg6 Rxh2 35. Kg5 Rg2 36. f5 Bxf5+ 37.
Kxf5 h2 38. Ke6 { White resigns } 0-1

[Event "ICC tourney 2556 (25 5)"]
[Site "Internet Chess Club"]
[Date "2021.05.08"]
[Round "4"]
[White "BLANCO, JEREMY:K05-16493206"]
[Black "MUSE SINEK, JAMES:K05-17174225"]
[Result "1-0"]
[ICCResult "Black checkmated"]
[WhiteElo "605"]
[BlackElo "258"]
[Opening "Scotch opening"]
[ECO "C44"]
[NIC "KP.10"]
[Time "17:31:59"]
[PlyCount "45"]
[TimeControl "1500+5"]

1. e4 e5 2. Nf3 Nc6 3. d4 Nf6 4. dxe5 Nxe4 5. Qe2 d5 6. c3 Bc5 7. Be3 Bxe3
8. fxe3 O-O 9. Nbd2 Nxd2 10. Qxd2 Be6 11. b4 d4 12. exd4 Nxd4 13. cxd4 c5
14. bxc5 b6 15. cxb6 axb6 16. Rb1 Rb8 17. a3 b5 18. Bxb5 Bd7 19. Qd3 Qe8
20. O-O Bxb5 21. Rxb5 Rxb5 22. Ng5 h6 23. Qh7# { Black checkmated } 1-0

[Event "ICC tourney 2556 (25 5)"]
[Site "Internet Chess Club"]
[Date "2021.05.08"]
[Round "4"]
[White "ARISTA, DANYA:K05-16268653"]
[Black "GUDI, KEERTHANA:K05-16551243"]
[Result "0-1"]
[ICCResult "White checkmated"]
[WhiteElo "421"]
[BlackElo "843"]
[Opening "Giuoco Piano: four knights variation"]
[ECO "C47"]
[NIC "KP.06"]
[Time "17:33:09"]
[PlyCount "50"]
[TimeControl "1500+5"]

1. e4 e5 2. Nf3 Nc6 3. Nc3 Nf6 4. Bc4 Bc5 5. O-O O-O 6. d3 h6 7. Bd2 d6 8.
Qe1 Bg4 9. Nh4 Nd4 10. Qe3 Nf3+ 11. Qxf3 Bxf3 12. gxf3 Nh5 13. Ng6 Re8 14.
Kh1 Qf6 15. Rg1 Qxf3+ 16. Rg2 Kh7 17. Nh4 Qf6 18. Ne2 Qxh4 19. Bxf7 Rf8 20.
Bxh5 Qxh5 21. Ng3 Qh3 22. Rag1 Bxf2 23. Rf1 Bxg3 24. Rxg3 Rxf1+ 25. Rg1
Qf3# { White checkmated } 0-1

[Event "ICC tourney 2556 (25 5)"]
[Site "Internet Chess Club"]
[Date "2021.05.08"]
[Round "4"]
[White "CARDOSO, KARELY:K05-16268846"]
[Black "GALLEGE, REHAN:K05-16946930"]
[Result "0-1"]
[ICCResult "White checkmated"]
[WhiteElo "713"]
[BlackElo "1111"]
[Opening "French defense"]
[ECO "C00"]
[NIC "FR.01"]
[Time "17:33:55"]
[PlyCount "68"]
[TimeControl "1500+5"]

1. e4 e6 2. Nf3 d5 3. exd5 exd5 4. Nc3 Nf6 5. Bb5+ c6 6. Ba4 Bd6 7. O-O O-O
8. d4 Be6 9. Bg5 Nbd7 10. Re1 h6 11. Bh4 Qc7 12. Qd2 Rfe8 13. Bxf6 Nxf6 14.
Nh4 Bxh2+ 15. Kh1 Bf4 16. Qd3 Bd6 17. g3 a5 18. Bb3 b5 19. a3 b4 20. axb4
Bxb4 21. Re3 Ng4 22. Rf3 c5 23. Ba4 Red8 24. Nb5 Qb6 25. c3 c4 26. Qc2 Be7
27. b3 cxb3 28. Bxb3 Qxb5 29. Rb1 Rab8 30. Rb2 a4 31. c4 dxc4 32. Ba2 Qxb2
33. Qxa4 Qe2 34. Rf4 Qf1# { White checkmated } 0-1

[Event "ICC tourney 2556 (25 5)"]
[Site "Internet Chess Club"]
[Date "2021.05.08"]
[Round "4"]
[White "JOHN DETTMER, JAMES:K05-17011887"]
[Black "QUINONES, MADELYN:K05-16268810"]
[Result "0-1"]
[ICCResult "White checkmated"]
[WhiteElo "159"]
[BlackElo "600"]
[Opening "Sicilian defense"]
[ECO "B20"]
[NIC "SI.48"]
[Time "17:34:11"]
[PlyCount "78"]
[TimeControl "1500+5"]

1. e4 c5 2. Bc4 Nc6 3. Qh5 g6 4. Qh4 Nf6 5. e5 Nxe5 6. f4 Nxc4 7. d3 Ne3 8.
Ke2 Nxg2 9. Qh3 Nxf4+ 10. Bxf4 e5 11. Bxe5 Qe7 12. Qg3 Nh5 13. Qh4 Qxh4 14.
Nf3 Qe7 15. Nc3 d6 16. Ne4 dxe5 17. a3 Bg7 18. b4 cxb4 19. axb4 a6 20. d4
exd4 21. Nxd4 Bxd4 22. Rhd1 Bxa1 23. Rxa1 Qxe4+ 24. Kd1 Bg4+ 25. Kd2 Rd8+
26. Kc3 Qe5+ 27. Kb3 Qxa1 28. b5 axb5 29. Kb4 Qb1+ 30. Ka3 Qxc2 31. h3 Qd3+
32. Kb4 Rd4+ 33. Kc5 Qc3+ 34. Kb6 Rd6+ 35. Ka7 Qc5+ 36. Kb8 Rd8+ 37. Kxb7
Bf3+ 38. Ka6 b4 39. h4 Rd6# { White checkmated } 0-1

[Event "ICC tourney 2556 (25 5)"]
[Site "Internet Chess Club"]
[Date "2021.05.08"]
[Round "4"]
[White "DAVID YAN BO KOTCHEN, AARON:K05-16524882"]
[Black "STINGLEY, MAX:K05-16512763"]
[Result "1-0"]
[ICCResult "Black checkmated"]
[WhiteElo "1523"]
[BlackElo "1020"]
[Opening "Robatsch (modern) defense"]
[ECO "B06"]
[NIC "KF.05"]
[Time "17:32:55"]
[PlyCount "69"]
[TimeControl "1500+5"]

1. e4 g6 2. d4 Bg7 3. c4 c5 4. d5 d6 5. Nc3 Nf6 6. Nge2 O-O 7. f4 Bg4 8. g3
Bf3 9. Rg1 Nxe4 10. Nxe4 Bxe4 11. Nc3 Bd4 12. Nxe4 Bxg1 13. Qg4 f5 14. Qh4
fxe4 15. Bh3 e5 16. Be6+ Kg7 17. Qg4 e3 18. fxe5 Bf2+ 19. Ke2 dxe5 20. Qe4
Nd7 21. b3 Nf6 22. Qxe5 Qb8 23. Qg5 h6 24. Qh4 g5 25. Qh3 Qe5 26. Rb1 Qe4
27. Bf5 Qe5 28. Bb2 Qd6 29. Qh5 Rf7 30. Be6 Raf8 31. Bf5 Rh8 32. Qg6+ Kf8
33. Be6 Rhh7 34. Bxf6 Rc7 35. Qg8# { Black checkmated } 1-0

[Event "ICC tourney 2556 (25 5)"]
[Site "Internet Chess Club"]
[Date "2021.05.08"]
[Round "4"]
[White "SHAH, NIKHIL:K05-16252950"]
[Black "POLKAMPALLI, RONAK:K05-17322765"]
[Result "1-0"]
[ICCResult "Black checkmated"]
[WhiteElo "865"]
[BlackElo "526"]
[Opening "Ruy Lopez: exchange variation"]
[ECO "C68"]
[NIC "RL.08"]
[Time "17:32:33"]
[PlyCount "45"]
[TimeControl "1500+5"]

1. e4 e5 2. Nf3 Nc6 3. Bb5 a6 4. Bxc6 bxc6 5. Nxe5 Nf6 6. Nc3 Bb4 7. d3 d6
8. Nxc6 Qd7 9. Nxb4 O-O 10. Nbd5 Nxd5 11. Nxd5 c6 12. Nb6 Qb7 13. Nxa8 Qxa8
14. Qf3 d5 15. Qg3 g6 16. Bh6 Re8 17. Qd6 dxe4 18. Qf6 exd3+ 19. Kd2 Re2+
20. Kxd3 Bf5+ 21. Kxe2 Qe8+ 22. Kf1 Bxc2 23. Qg7# { Black checkmated } 1-0

[Event "ICC tourney 2556 (25 5)"]
[Site "Internet Chess Club"]
[Date "2021.05.08"]
[Round "4"]
[White "PELES, ADAM:K05-15981861"]
[Black "PAYNE, MASON:K05-16659363"]
[Result "1-0"]
[ICCResult "Black checkmated"]
[WhiteElo "1011"]
[BlackElo "420"]
[Opening "Two knights defense"]
[ECO "C57"]
[NIC "KP.01"]
[Time "17:33:55"]
[PlyCount "87"]
[TimeControl "1500+5"]

1. e4 e5 2. Nf3 Nc6 3. Bc4 Nf6 4. Ng5 Qe7 5. Nxf7 Rg8 6. Ng5 Rh8 7. O-O Ng8
8. d3 h6 9. Nf3 Nf6 10. Nc3 d6 11. Nd5 Nxd5 12. exd5 Nd4 13. Nxd4 exd4 14.
Re1 Qxe1+ 15. Qxe1+ Be7 16. Bf4 Rf8 17. Bg3 Bg4 18. Bh4 Rf7 19. Bb5+ c6 20.
dxc6 b6 21. c7+ Kf8 22. Bxe7+ Rxe7 23. Qd2 a6 24. Bxa6 Rxa6 25. c8=Q+ Bxc8
26. Qf4+ Rf7 27. Qxd6+ Re7 28. Qxd4 b5 29. h3 Rd7 30. Qc5+ Rdd6 31. Qxc8+
Kf7 32. Qf5+ Rf6 33. Qxb5 Rab6 34. Qe5 Rfe6 35. Qc7+ Kf6 36. a4 Rxb2 37. a5
Re8 38. Qc3+ Kg6 39. Qxb2 Ra8 40. a6 Kg5 41. a7 h5 42. Qb8 Rxb8 43. axb8=Q
Kh4 44. Qf4# { Black checkmated } 1-0

[Event "ICC tourney 2556 (25 5)"]
[Site "Internet Chess Club"]
[Date "2021.05.08"]
[Round "4"]
[White "EVDOKIMOV, TIMOFEY:K05-16592703"]
[Black "ENMING LIN, BRYAN:K05-30020975"]
[Result "1/2-1/2"]
[ICCResult "Game drawn by repetition"]
[WhiteElo "850"]
[BlackElo "1192"]
[Opening "Danish gambit: Sorensen defense"]
[ECO "C21"]
[NIC "KP.04"]
[Time "17:33:55"]
[PlyCount "128"]
[TimeControl "1500+5"]

1. e4 e5 2. d4 exd4 3. c3 d5 4. Qa4+ Nc6 5. exd5 Qxd5 6. cxd4 Bb4+ 7. Nc3
Qxd4 8. Ne2 Bxc3+ 9. Nxc3 Qxa4 10. Nxa4 Nf6 11. Bb5 O-O 12. Bxc6 bxc6 13.
O-O Be6 14. Nc5 Rae8 15. Bg5 Nd5 16. Rfe1 h6 17. Bh4 Bf5 18. Rxe8 Rxe8 19.
Na6 Re2 20. Bg3 Rxb2 21. Nxc7 Nxc7 22. Bxc7 Rb1+ 23. Rxb1 Bxb1 24. a3 Kf8
25. Kf1 Ke8 26. Be5 g6 27. Bg7 h5 28. Bd4 a6 29. Ke2 Kd7 30. Kd2 Ke6 31.
Kc3 Kd5 32. Bb6 Ba2 33. Kb4 Ke4 34. Kc5 Bd5 35. Kb4 Kd3 36. a4 Ke2 37. g3
Kf1 38. h4 Kg2 39. Be3 f5 40. Ka5 Bc4 41. Kb6 Kf3 42. Kxc6 Ke4 43. Kd6 a5
44. Kc5 Bb3 45. Kb5 Kd5 46. Kxa5 Kc6 47. Kb4 Be6 48. a5 Bc8 49. Bb6 Ba6 50.
Kc3 Kd5 51. Kd2 Ke4 52. Ke1 Kf3 53. Kd2 Ke4 54. Kc2 Kd5 55. Kb3 Kc6 56. Kb4
Bf1 57. Kc3 Ba6 58. Kd4 Kd6 59. Ke3 Ke5 60. f4+ Kd5 61. Bd8 Bb5 62. Bb6 Ba6
63. Kf3 Bb5 64. Ke3 Ba6 { Game drawn by repetition } 1/2-1/2

[Event "ICC tourney 2556 (25 5)"]
[Site "Internet Chess Club"]
[Date "2021.05.08"]
[Round "4"]
[White "SELVAM, SWAGATHA:K05-16203181"]
[Black "MA, JIN:K05-16813308"]
[Result "1-0"]
[ICCResult "Black checkmated"]
[WhiteElo "1289"]
[BlackElo "899"]
[Opening "QGD: Semi-Tarrasch defense"]
[ECO "D40"]
[NIC "TD.05"]
[Time "17:32:27"]
[PlyCount "41"]
[TimeControl "1500+5"]

1. d4 d5 2. c4 e6 3. Nc3 Nf6 4. Nf3 c5 5. dxc5 Bxc5 6. Bg5 Nc6 7. cxd5 exd5
8. Bxf6 Qxf6 9. Nxd5 Qd8 10. e4 O-O 11. Be2 f5 12. Bc4 Kh8 13. O-O fxe4 14.
Nd2 e3 15. Ne4 exf2+ 16. Kh1 Bb6 17. Qh5 Rf4 18. Nxf4 h6 19. Bf7 Qd4 20.
Ng6+ Kh7 21. Ng5# { Black checkmated } 1-0

[Event "ICC tourney 2556 (25 5)"]
[Site "Internet Chess Club"]
[Date "2021.05.08"]
[Round "4"]
[White "CHAKKIRALA, NITIKA:K05-17289378"]
[Black "SWIFT, ANASTASIYA:K05-30125631"]
[Result "1-0"]
[ICCResult "Black checkmated"]
[WhiteElo "219"]
[BlackElo "688"]
[Opening "Scotch opening"]
[ECO "C44"]
[NIC "KP.10"]
[Time "17:33:49"]
[PlyCount "45"]
[TimeControl "1500+5"]

1. e4 e5 2. Nf3 Nc6 3. d4 d5 4. exd5 Nxd4 5. Nxe5 Qxd5 6. Nf3 Nxf3+ 7. Qxf3
Qd8 8. Bc4 Qe7+ 9. Qe2 Qxe2+ 10. Bxe2 Nf6 11. Bc4 Be6 12. Bxe6 fxe6 13. Nc3
Bb4 14. Bd2 Bxc3 15. Bxc3 Ne4 16. Bxg7 Rg8 17. Be5 O-O-O 18. O-O Nd2 19.
Rfd1 Rg5 20. Bf6 Nf3+ 21. Kh1 Rxd1+ 22. Rxd1 Rf5 23. Rd8# { Black
checkmated } 1-0

[Event "ICC tourney 2556 (25 5)"]
[Site "Internet Chess Club"]
[Date "2021.05.08"]
[Round "4"]
[White "DEVARAJ, SHREYA:K05-16369648"]
[Black "GANESH IYER, ARJUN:K05-17350382"]
[Result "1-0"]
[ICCResult "Black checkmated"]
[WhiteElo "1024"]
[BlackElo "580"]
[Opening "Queen's pawn game"]
[ECO "D02"]
[NIC "QP.08"]
[Time "17:34:04"]
[PlyCount "95"]
[TimeControl "1500+5"]

1. d4 d5 2. Nf3 Bf5 3. Bf4 Nc6 4. c3 Nf6 5. e3 e6 6. Bd3 Bxd3 7. Qxd3 Bd6
8. Bg3 O-O 9. Nbd2 b5 10. Qxb5 Qd7 11. Qd3 Rab8 12. Qc2 Bxg3 13. hxg3 Rfd8
14. Ne5 Nxe5 15. dxe5 Ng4 16. Qxh7+ Kf8 17. Qh8+ Ke7 18. Qxg7 Rg8 19. Qh7
Rh8 20. Qxh8 Rxh8 21. Rxh8 f6 22. Rh7+ Kd8 23. Rxd7+ Kxd7 24. exf6 Ke8 25.
Ke2 Kf7 26. Kf3 Nh2+ 27. Ke2 Kxf6 28. Rh1 Ng4 29. Rh4 Ne5 30. Rf4+ Kg5 31.
Nf3+ Nxf3 32. Kxf3 e5 33. Rf7 c5 34. Rxa7 c4 35. Ra5 d4 36. exd4 Kf5 37.
Rxe5+ Kf6 38. a4 Kf7 39. a5 Kf6 40. a6 Kf7 41. a7 Kf6 42. a8=Q Kf7 43. Qe8+
Kf6 44. Qf8+ Kg6 45. Re6+ Kg5 46. Re7 Kg6 47. Rg7+ Kh6 48. Qh8# { Black
checkmated } 1-0

[Event "ICC tourney 2556 (25 5)"]
[Site "Internet Chess Club"]
[Date "2021.05.08"]
[Round "4"]
[White "YAO, HANCHI:K05-16512998"]
[Black "AGARWAL, VISHISHT:K05-17044688"]
[Result "1-0"]
[ICCResult "Black checkmated"]
[WhiteElo "1636"]
[BlackElo "893"]
[Opening "QGD: 4.Bg5"]
[ECO "D50"]
[NIC "QO.16"]
[Time "17:33:55"]
[PlyCount "67"]
[TimeControl "1500+5"]

1. d4 d5 2. c4 e6 3. Nc3 Nf6 4. Bg5 Bd6 5. Nf3 O-O 6. e3 h6 7. Bh4 Nbd7 8.
Qc2 Bb4 9. cxd5 exd5 10. Bd3 Bxc3+ 11. Qxc3 Qe8 12. O-O Ne4 13. Qxc7 Nb6
14. Qe5 Qxe5 15. Nxe5 f6 16. Ng6 Bf5 17. Ne7+ Kf7 18. Nxf5 Nd2 19. Rfc1
Rad8 20. Rc2 Ndc4 21. Rac1 Na5 22. Rc7+ Kg8 23. Rxg7+ Kh8 24. Rcc7 Nd7 25.
Rgxd7 Rxd7 26. Rxd7 Rc8 27. h3 Kg8 28. Ne7+ Kf8 29. Nxc8 Ke8 30. Bf5 Nc6
31. Bxf6 Kf8 32. Nd6 Kg8 33. Bh7+ Kf8 34. Rf7# { Black checkmated } 1-0

[Event "ICC tourney 2556 (25 5)"]
[Site "Internet Chess Club"]
[Date "2021.05.08"]
[Round "4"]
[White "REDDY EDULAKANTI, RITHWIK:K05-16559920"]
[Black "RATH, RIYAAN:K05-16839392"]
[Result "0-1"]
[ICCResult "White checkmated"]
[WhiteElo "1071"]
[BlackElo "605"]
[Opening "Giuoco Pianissimo: Italian four knights variation"]
[ECO "C50"]
[NIC "IG.02"]
[Time "17:32:45"]
[PlyCount "100"]
[TimeControl "1500+5"]

1. e4 e5 2. Nf3 Nc6 3. Bc4 Bc5 4. Nc3 Nf6 5. d3 h6 6. O-O d6 7. h3 Be6 8.
Bb3 O-O 9. Be3 Bb6 10. Qd2 d5 11. exd5 Nxd5 12. Nxd5 Bxd5 13. Bxd5 Qxd5 14.
c3 Rad8 15. Rad1 Rd6 16. a3 Rfd8 17. Ne1 e4 18. c4 Bxe3 19. fxe3 Qg5 20. d4
Ne7 21. Qc2 Nf5 22. c5 Rg6 23. Rf2 Nxe3 24. Qd2 Nxd1 25. Qxd1 Rc6 26. Qb3
Rf6 27. Rxf6 Qxf6 28. Nc2 b6 29. cxb6 cxb6 30. Qe3 Re8 31. Ne1 Qe6 32. Nc2
Qd5 33. Nb4 Qb5 34. b3 a5 35. Nc2 Qd3 36. Kh2 Qxc2 37. b4 axb4 38. axb4 Qd3
39. Qe1 e3 40. d5 Qxd5 41. Qe2 Qd2 42. Qf1 e2 43. Qf2 Qd6+ 44. g3 e1=Q 45.
Kg2 Qxf2+ 46. Kxf2 Qxb4 47. g4 Rc8 48. g5 Rc3 49. Ke2 Qb2+ 50. Kd1 Rc1# {
White checkmated } 0-1

[Event "ICC tourney 2556 (25 5)"]
[Site "Internet Chess Club"]
[Date "2021.05.08"]
[Round "4"]
[White "DHURJATI, ANAGHA:K05-17003536"]
[Black "TANN, KEVIN:K05-16685678"]
[Result "1-0"]
[ICCResult "Black checkmated"]
[WhiteElo "1269"]
[BlackElo "142"]
[Opening "King's pawn game"]
[ECO "C50"]
[NIC "IG.03"]
[Time "17:33:28"]
[PlyCount "31"]
[TimeControl "1500+5"]

1. e4 e5 2. Nf3 Nc6 3. Bc4 Nd4 4. Nxd4 exd4 5. O-O c5 6. c3 dxc3 7. Nxc3 b6
8. d3 Bb7 9. Bf4 Qf6 10. Nd5 Bxd5 11. Bxd5 O-O-O 12. Bg3 Qxb2 13. Qa4 a5
14. Rab1 Qd4 15. Rxb6 d6 16. Qc6# { Black checkmated } 1-0

[Event "ICC tourney 2556 (25 5)"]
[Site "Internet Chess Club"]
[Date "2021.05.08"]
[Round "4"]
[White "SARANGI, SHREYAN:K05-17058212"]
[Black "WU, MATTHEW:K05-16720313"]
[Result "1-0"]
[ICCResult "Black checkmated"]
[WhiteElo "1359"]
[BlackElo "951"]
[Opening "Scandinavian: Pytel-Wade variation"]
[ECO "B01"]
[NIC "SD.02"]
[Time "17:33:35"]
[PlyCount "103"]
[TimeControl "1500+5"]

1. e4 d5 2. exd5 Qxd5 3. Nc3 Qd6 4. Nf3 c6 5. d4 Nf6 6. Bd3 Bg4 7. Be3 e6
8. h3 Bh5 9. O-O Be7 10. Qe2 O-O 11. Rad1 Nbd7 12. Ne4 Nxe4 13. Bxe4 Rac8
14. c4 Bxf3 15. Bxf3 Rfd8 16. d5 cxd5 17. cxd5 exd5 18. Rxd5 Qa6 19. Qxa6
bxa6 20. Bxa7 Rc2 21. Rfd1 Rc7 22. Bb6 Rcc8 23. Bxd8 Rxd8 24. Rxd7 Rxd7 25.
Rxd7 Bf6 26. Ra7 h6 27. Be4 g6 28. Rxa6 Bxb2 29. a4 Bc3 30. a5 Bxa5 31.
Rxa5 Kg7 32. Bd5 h5 33. Ra7 Kh6 34. Rxf7 Kg5 35. g3 Kh6 36. Be4 Kg5 37.
Bxg6 Kxg6 38. Ra7 Kg5 39. Ra1 h4 40. Kg2 hxg3 41. fxg3 Kh6 42. Kf3 Kg5 43.
g4 Kh4 44. Kf4 Kxh3 45. g5 Kh4 46. g6 Kh5 47. Kf5 Kh6 48. Kf6 Kh5 49. Rg1
Kh6 50. g7 Kh7 51. g8=Q+ Kh6 52. Qh8# { Black checkmated } 1-0

[Event "ICC tourney 2556 (25 5)"]
[Site "Internet Chess Club"]
[Date "2021.05.08"]
[Round "4"]
[White "RAVI, ARNAV:K05-30105115"]
[Black "A FONSECA, ZURIEL:K05-17280892"]
[Result "1-0"]
[ICCResult "Black checkmated"]
[WhiteElo "566"]
[BlackElo "208"]
[Opening "Four knights: Italian variation"]
[ECO "C47"]
[NIC "VO.05"]
[Time "17:33:15"]
[PlyCount "33"]
[TimeControl "1500+5"]

1. e4 Nc6 2. Nf3 Nf6 3. Nc3 e5 4. Bc4 d5 5. exd5 Be6 6. dxe6 Qe7 7. exf7+
Kd8 8. Ng5 Qc5 9. Ne6+ Kc8 10. Nxc5 Na5 11. Bd5 Nc4 12. Bxb7+ Kd8 13. Bxa8
Nd6 14. d4 Nf5 15. dxe5+ Kc8 16. exf6 Kb8 17. Qd8# { Black checkmated } 1-0

[Event "ICC tourney 2556 (25 5)"]
[Site "Internet Chess Club"]
[Date "2021.05.08"]
[Round "4"]
[White "W ZHANG, ETHAN:K05-17088714"]
[Black "MADDINENI, SHISHIR:K05-17244051"]
[Result "0-1"]
[ICCResult "White checkmated"]
[WhiteElo "839"]
[BlackElo "470"]
[Opening "Giuoco Piano"]
[ECO "C53"]
[NIC "IG.02"]
[Time "17:31:42"]
[PlyCount "110"]
[TimeControl "1500+5"]

1. e4 e5 2. Nf3 Nc6 3. Bc4 Bc5 4. c3 d6 5. h3 Nf6 6. d3 O-O 7. Bg5 Be6 8.
Bxe6 fxe6 9. O-O Qe7 10. Nbd2 a6 11. Nb3 Ba7 12. d4 exd4 13. cxd4 h6 14.
Bxf6 Qxf6 15. Rc1 d5 16. e5 Qf7 17. Qd2 g5 18. Na5 Nxa5 19. Qxa5 c6 20. Qd2
Qf4 21. Qxf4 Rxf4 22. Rc3 Bxd4 23. Nxd4 Rxd4 24. Rb3 b5 25. Re1 a5 26. Rc3
Rc4 27. Rec1 Rxc3 28. Rxc3 Rc8 29. Kf1 c5 30. Ke2 c4 31. Ke3 b4 32. Rc1 Kf7
33. a3 Kg6 34. g4 b3 35. Kd4 h5 36. f3 Rf8 37. Rf1 Rc8 38. Rc1 hxg4 39.
fxg4 Rf8 40. Rc3 Rf2 41. Kc5 Rxb2 42. Kd6 Rc2 43. Rg3 b2 44. Rg1 Rc1 45.
Rxc1 bxc1=Q 46. Kxe6 Qxa3 47. Kd7 Qf8 48. e6 Kf6 49. Kc6 Kxe6 50. h4 gxh4
51. g5 Qd6+ 52. Kb5 Qb4+ 53. Ka6 Kd6 54. g6 Kc6 55. Ka7 Qb7# { White
checkmated } 0-1

[Event "ICC tourney 2556 (25 5)"]
[Site "Internet Chess Club"]
[Date "2021.05.08"]
[Round "4"]
[White "JOSHI, OM:K05-30018177"]
[Black "WILSON, HANSEN:K05-16811481"]
[Result "0-1"]
[ICCResult "White checkmated"]
[WhiteElo "540"]
[BlackElo "903"]
[Opening "Ruy Lopez: old Steinitz defense"]
[ECO "C62"]
[NIC "RL.02"]
[Time "17:33:29"]
[PlyCount "66"]
[TimeControl "1500+5"]

1. e4 e5 2. Nf3 Nc6 3. Bb5 d6 4. d4 Bg4 5. d5 Bxf3 6. Qxf3 a6 7. dxc6 axb5
8. cxb7 Rb8 9. Be3 Nf6 10. Bg5 Rxb7 11. Nc3 b4 12. Nd5 Be7 13. Bxf6 Bxf6
14. Qb3 O-O 15. Nxb4 Qd7 16. Qc3 Rfb8 17. Rb1 Rxb4 18. a3 Rxe4+ 19. Kf1 Rg4
20. f3 e4 21. Qd2 exf3 22. gxf3 Rh4 23. b4 Qh3+ 24. Qg2 Qf5 25. Qf2 Bd4 26.
Qg3 Rh3 27. Qg2 Rxf3+ 28. Ke2 Rf2+ 29. Qxf2 Qxf2+ 30. Kd3 Qe3+ 31. Kc4 Qc3+
32. Kd5 Rb5+ 33. Ke4 Qe3# { White checkmated } 0-1